 Dungeon Crawl Stone Soup version 0.17-a0-1020-ge683cc4 (webtiles) character file.

61 Kisielow the Insei (level 4, -6/32 HPs)
             Began as a Merfolk Transmuter on May 16, 2015.
             Killed by divine providence
             ... invoked by an orc priest
              (16 damage)
             ... on level 3 of the Dungeon.
             The game lasted 00:04:04 (1987 turns).

Kisielow the Insei (Merfolk Transmuter)             Turns: 1987, Time: 00:04:05

Health: -6/32      AC:  3    Str: 10    XL:     4   Next: 7%
Magic:  6/7        EV: 12    Int: 13    God:
Gold:   66         SH:  0    Dex: 14    Spells: 2 memorised, 3 levels left

rFire  . . .     SeeInvis .       - Unarmed
rCold  . . .     Clarity  .     b - +0 robe
rNeg   . . .     SustAb   .     (no shield)
rPois  .         Gourm    .     (no helmet)
rElec  .         Spirit   .     (no cloak)
rCorr  .         Warding  .     (no gloves)
rMut   .         Stasis   .     j - +0 pair of boots
MR     .....                    (no amulet)
Stlth  +.........               (no ring)
                                (no ring)

@: appendage (expiring), drained, not resistant to hostile enchantments, very
unstealthy
A: change form in water, swift swim, horns 2
a: End Transformation


You were on level 3 of the Dungeon.
You were hungry.
You had grown temporary horns.
You visited 1 branch of the dungeon, and saw 3 of its levels.

You collected 66 gold pieces.

Inventory:

Missiles
 a - 60 arrows
Armour
 b - a +0 robe (worn)
 j - a +0 pair of boots (worn)
Scrolls
 f - 2 scrolls of enchant armour {unknown}
 h - 2 scrolls of remove curse {unknown}
 i - 3 scrolls of identify {unknown}
 k - a scroll of recharging {unknown}
 l - a scroll of immolation {unknown}
 s - a scroll of amnesia {unknown}
Potions
 e - a potion of agility
 m - a potion of beneficial mutation {unknown}
 n - a potion of cure mutation {unknown}
 q - a potion of flight {unknown}
 r - a potion of heal wounds
 u - a potion of curing {unknown}
Books
 c - a book of Changes

   Spells                             Type                      Level
   a - Beastly Appendage              Transmutation                1
   b - Sticks to Snakes               Transmutation                2
   c - Spider Form                    Transmutation/Poison         3
   d - Ice Form                       Ice/Transmutation            4
   e - Blade Hands                    Transmutation                5
Comestibles
 d - 2 bread rations
 g - 3 beef jerkies
 o - 11 fruits
 p - 3 meat rations
 t - a chunk of flesh
 v - a slice of pizza


   Skills:
 - Level 1.1(0.7) Fighting
 - Level 2.6(2.3) Dodging
 - Level 4.4(4.0) Unarmed Combat
 - Level 2.0(1.6) Spellcasting
 - Level 2.6(2.3) Transmutations
 + Level 2.5(2.1) Poison Magic


You had 3 spell levels left.
You knew the following spells:

 Your Spells              Type           Power        Failure   Level  Hunger
a - Beastly Appendage     Trmt           #.....       12%         1    ##.....
s - Spider Form           Trmt/Pois      #.........   34%         3    ####...


Dungeon Overview and Level Annotations

Branches:
Dungeon (3/15)

Altars:


Innate Abilities, Weirdness & Mutations

You revert to your normal form in water.
You are very nimble and swift while swimming.
You have a pair of horns on your head.


Message History

You kill the orc!
The orc priest calls down the wrath of Beogh upon you.
Pain shoots through your body!
You hit the orc wizard but do no damage.
The orc wizard misses you.
You barely miss the orc wizard.
Your transformation is almost over.
The orc wizard barely misses you.
You hit the orc wizard.
The orc wizard is moderately wounded.
The orc priest calls down the wrath of Beogh upon you.
Something smites you!
The orc wizard hits you but does no damage.
You hit the orc wizard but do no damage.
Your headbutt misses the orc wizard.
The orc wizard is moderately wounded.
The orc priest mumbles some strange prayers to Beogh against you.
Something smites you!
Ouch! That really hurt!
You die...

#.#.##.........####.###.#
#.#.##.#............# #.#
#..............####.###.#
###.##.####....# ##...##
#.##.# ##.#.# ##....
#.##.# ###.# #.###
#.##.## #.# #.#
######.#.#.## #.# #.#
#........###@# #.# #.#
#.#####.## ##oo# #.# #.#
##. #.# ... # .# ... #
>..


You could see an orc priest and an orc wizard.

Vanquished Creatures
  3 adders (D:2)
  An ooze (D:1)
  An orc (D:3)
  A giant cockroach (D:2)
  4 hobgoblins
  5 kobolds
  A ball python (D:1)
  3 bats (D:2)
  4 giant geckos (D:1)
  2 giant newts
  3 goblins
  3 rats
31 creatures vanquished.

Notes
Turn   | Place    | Note
--------------------------------------------------------------
     0 | D:1      | Kisielow the Merfolk Transmuter began the quest for the Orb.
     0 | D:1      | Reached XP level 1. HP: 15/15 MP: 3/3
   145 | D:1      | Reached XP level 2. HP: 9/21 MP: 3/5
   423 | D:1      | Reached skill level 4 in Unarmed Combat
   922 | D:2      | Reached XP level 3. HP: 24/26 MP: 6/6
   927 | D:2      | Learned a level 3 spell: Spider Form
   957 | D:2      | Reached skill level 1 in Poison Magic
  1041 | D:2      | HP: 1/26 [poisoned by an adder]
  1845 | D:2      | Reached XP level 4. HP: 29/32 MP: 7/7
  1987 | D:3      | Killed from afar by an orc priest

Vault maps used:
D:1:      dpeg_arrival_radiant
D:2:      first_bread
D:3:      grunt_temple_overflow_lords_of_destruction, grunt_gozag_statues

Action                   |  1- 3 |  4- 6 || total
-------------------------+-------+-------++-------
Melee: Unarmed           |   129 |     8 ||   137
 Cast: Beastly Appendage |    18 |     2 ||    20
  Use: Potion            |     2 |       ||     2
  Eat: Chunk             |     3 |       ||     3
